 Dungeon Crawl Stone Soup version 0.27-a0-1513-g2aaa0cc67b (webtiles) character file.

Game seed: 10711809741030787981

6089 robertstho the Thaumaturge (level 11, 0/66 HPs)
             Began as a Djinni Fire Elementalist on July 9, 2021.
             Was a Believer of Hepliaklqana.
             Killed from afar by an electric eel (11 damage)
             ... with a bolt of electricity
             ... on level 8 of the Dungeon.
             The game lasted 00:18:51 (9405 turns).

robertstho the Thaumaturge (DjFE)                   Turns: 9405, Time: 00:18:52

Health: 0/66       AC:  8    Str:  7    XL:     11   Next: 12%
Gold:   209        EV: 13    Int: 20    God:    Hepliaklqana [**....] SH:  0 Dex: 14

rFire    + + .     SeeInvis .   o - +0 dagger (venom)
rCold    x . .     Faith    .   (no shield)
rNeg     . . .     Spirit   .   z - +0 steam dragon scales
rPois    ∞         Reflect  .   l - +2 hat
rElec    .         Harm     .   (no cloak)
rCorr    .         Rampage  .   f - +0 pair of gloves
Will     +....                  (boots unavailable)
Stlth    ++........             (no amulet)
HPRegen  0.21/turn              (no ring)
MPRegen  0.00/turn              (no ring)

@: flying
A: reduced essence, sickness immunity, fire resistance 2, cold vulnerability 1,
float, innate caster, hp casting, extra vitality 1
a: Renounce Religion, Recall Ancestor, Ancestor Identity


You were on level 8 of the Dungeon.
You worshipped Hepliaklqana.
Hepliaklqana was pleased with you.
You visited 1 branch of the dungeon, and saw 8 of its levels.

You collected 378 gold pieces.
You spent 169 gold pieces at shops.

Inventory:

Hand Weapons
 g - a +0 short sword
 o - a +0 dagger of venom (weapon)
 x - a +0 broad axe of draining
Armour
 a - a +0 robe
 f - a +0 pair of gloves (worn)
 l - a +2 hat (worn)
 z - +0 steam dragon scales (worn)
Jewellery
 y - a ring of wizardry
Wands
 b - a wand of flame (14)
 s - a wand of digging (7)
Scrolls
 c - 2 scrolls of enchant armour {unknown}
 h - a scroll of holy word
 i - 3 scrolls of amnesia
 m - a scroll of magic mapping
 p - 2 scrolls of fog
 r - 2 scrolls of teleportation
 v - a scroll of enchant weapon {unknown}
Potions
 d - a potion of curing
 e - a potion of degeneration {unknown}
 j - a potion of haste {unknown}
 k - a potion of ambrosia {unknown}
 n - 2 potions of lignification {unknown}
 q - 5 potions of attraction {unknown}
 t - a potion of mutation {unknown}
 u - 2 potions of brilliance
 w - a potion of resistance


   Skills:
 * Level 4.9 Fighting
 + Level 1.4 Short Blades
 + Level 3.3 Dodging
 + Level 3.8 Stealth
 * Level 10.5 Spellcasting
 * Level 5.2 Invocations


You had 2 spell levels left.
You knew the following spells:

 Your Spells              Type           Power      Damage    Failure   Level
a - Foxfire               Conj/Fire      100%       2x1d9     1%          1
b - Conjure Flame         Conj/Fire      52%        6-21      1%          3
c - Inner Flame           Hex/Fire       52%        N/A       1%          3
d - Sticky Flame          Conj/Fire      52%        2d7       1%          4
e - Fireball              Conj/Fire      26%        3d12      2%          5
f - Sting                 Tmut/Pois      100%       1d8       1%          1
g - Corpse Rot            Necr/Air       N/A        N/A       1%          2
h - Teleport Other        Tloc           52%        N/A       1%          3
i - Tukima's Dance        Hex            52%        N/A       1%          3
j - Passage of Golubria   Tloc           N/A        N/A       1%          4
Your spell library was empty.

Dungeon Overview and Level Annotations

Branches:
Dungeon (8/15)             Temple (0/1) D:5            Lair (0/6) D:8

Altars:
Ashenzari
Hepliaklqana
Uskayaw
Vehumet

Shops:
D:1 ?   D:6 **

Annotations:
D:3 3 runed translucent doors, pokeman's ghost, amateur DEWz
D:5 2 transporters
D:8 Joseph


Innate Abilities, Weirdness & Mutations

Your life essence is reduced to manifest your ancestor. (-10% HP)
You are immune to sickness and miasma.
You are immune to poison.
Your flesh is very heat resistant. (rF++)
You are vulnerable to cold. (rC-)
You float through the air rather than walking.
You learn spells naturally, not from books.
Your magical power is your life essence.
You have superior vitality. (+4 HP)


Message History

Aiming: Fireball (dangerous; 2% risk of failure)
Press: ? - help, Shift-Dir - straight line, f - hound
Aim: a hound The fireball explodes!
The fireball engulfs the hound!!
You kill the hound!
* * * LOW HITPOINT WARNING * * *
You hear a bark!
You start resting.
An orc warrior comes into view. It is wielding a +0 battleaxe.
Casting: Fireball (dangerous; 2% risk of failure)
Confirm with . or Enter, or press ? or * to list all spells.
Aiming: Fireball (dangerous; 2% risk of failure)
Press: ? - help, Shift-Dir - straight line The fireball explodes!
The fireball engulfs the killer bee!
The killer bee is almost dead.
* * * LOW HITPOINT WARNING * * *
You hear a bark!
You hear a shout! x2; You hear a howl!
You hear an angry buzzing noise.
Casting: Fireball (dangerous; 2% risk of failure)
Confirm with . or Enter, or press ? or * to list all spells.
Aiming: Fireball (dangerous; 2% risk of failure)
Press: ? - help, Shift-Dir - straight line The fireball explodes!
The fireball engulfs the killer bee!!
You kill the killer bee!
The fireball engulfs the orc warrior!
The orc warrior is severely wounded.
* * * LOW HITPOINT WARNING * * *
An orc priest comes into view. It is wielding a +0 hand axe.
Okay, then.
Okay, then.
As you read the scroll of teleportation, it crumbles to dust.
You feel strangely unstable.
The orc priest looks satisfied for a moment.
You hear the faint creaking of a very distant portcullis.
An orc comes into view. It is wielding a +0 dagger.
Your surroundings suddenly seem different.
An electric eel comes into view.
A hound comes into view.
The electric eel shoots out a bolt of lightning at you!
The bolt of electricity hits you!
You die...

.. #..
≈≈.≈≈≈....≈≈≈;≈≈≈≈ .
.≈≈≈≈..>........... .
≈.≈≈g≈......≈≈≈≈≈≈..###.
.≈≈≈≈.≈≈≈≈y≈≈≈;≈≈≈......
..≈≈≈≈≈≈≈≈≈≈.≈≈≈≈...##..
.≈≈≈≈≈≈≈≈≈≈≈≈.≈.....##..
.≈..≈≈≈≈≈≈≈≈≈.h≈....<#o.
..≈.≈≈≈@≈≈≈.........##..
....≈≈≈≈≈≈.........(.#h.
#####...+$......# #.#o.
#.###.?....y#.##.#†. #.
..........>...#†o #.
.##########.#.... #
#...#.. ##..#.. .......


You could see a hound (wandering), a killer bee (wandering), 2 electric eels and
a gnoll (wandering).

Vanquished Creatures
  Pikel (D:7)
  A manticore (D:7)
  2 ugly things (D:7)
  Maurice (D:8)
  Grinder (D:5)
  Eustachio (D:4)
  A vampire mosquito (D:7)
  A steam dragon (D:7)
  Edmund (D:5)
  An acid dragon (D:7)
  A water moccasin (D:6)
  2 orc warriors (D:7)
  3 sky beasts
  An ogre (D:5)
  2 centaurs (D:7)
  2 lemures (D:7)
  A phantom (D:5)
  2 bullfrogs
  A kobold brigand (D:7)
  4 scorpions
  3 wyvern skeletons
  3 killer bees
  A wight (D:7)
  2 bullfrog zombies (D:6)
  3 jellies
  3 orc priests
  A gnoll shaman (D:7)
  3 hounds
  4 iguanas
  Terence (D:3)
  4 orc wizards
  A killer bee zombie (D:7)
  7 adders
  3 white imps
  2 ufetubi
  A dart slug (D:2)
  A worm (D:2)
  14 orcs
  3 ball pythons
  4 bats
  4 endoplasms
  2 giant cockroaches
  6 hobgoblins
  4 jackals (D:1)
  3 quokkas
  2 frilled lizards
  7 goblins
  13 kobolds
  A rat (D:2)
136 creatures vanquished.

Vanquished Creatures (collateral kills)
  Maggie (D:7)
  A yak (D:7)
  2 sky beasts (D:7)
  An ogre (D:6)
  A bullfrog (D:7)
  A water moccasin zombie (D:6)
  A howler monkey (D:7)
  A centaur skeleton (D:7)
  2 iguanas
  A shadow imp (D:7)
  An ufetubus (D:7)
  3 orcs
16 creatures vanquished.

Vanquished Creatures (others)
  3 hexers
  An ancestor (D:6)
  578 foxfires
  2 fungi (D:3)
  2 plants (D:3)
586 creatures vanquished.

Grand Total: 738 creatures vanquished

Notes
Turn   | Place    | Note
-------+----------+-------------------------------------------
     0 | D:1      | robertstho the Djinni Fire Elementalist began the quest for
                  | the Orb.
     0 | D:1      | Reached XP level 1. HP: 15/15 MP: 0/0
   617 | D:1      | Reached XP level 2. HP: 6/21 MP: 0/0
   855 | D:1      | Found Taofaodd's Magic Scroll Shoppe.
   928 | D:1      | Bought a scroll of identify for 26 gold pieces
   928 | D:1      | Bought a scroll of noise for 13 gold pieces
  1339 | D:1      | Reached XP level 3. HP: 25/26 MP: 0/0
  1339 | D:1      | Learned a level 1 spell: Sting
  1458 | D:2      | Reached skill level 3 in Spellcasting
  2010 | D:2      | Noticed an ogre
  2026 | D:2      | Reached XP level 4. HP: 29/31 MP: 0/0
  2270 | D:3      | Found a hide-covered altar of Uskayaw.
  2282 | D:3      | Found a faded altar of an unknown god.
  2299 | D:3      | Found a runed translucent gate.
  2299 | D:3      | Found a runed translucent gate.
  2299 | D:3      | Found a runed translucent gate.
  2300 | D:3      | Noticed pokeman's ghost (amateur DEWz)
  2305 | D:3      | Noticed a kobold brigand
  2383 | D:3      | Reached skill level 1 in Fighting
  2621 | D:3      | Reached XP level 5. HP: 34/37 MP: 0/0
  2621 | D:3      | Learned a level 2 spell: Corpse Rot
  2817 | D:3      | Noticed Terence
  2838 | D:3      | Killed Terence
  2924 | D:3      | Found a hazy altar of Hepliaklqana.
  2986 | D:3      | Became a worshipper of Hepliaklqana the Forgotten
  3604 | D:4      | Reached skill level 4 in Spellcasting
  3680 | D:4      | Reached XP level 6. HP: 36/43 MP: 0/0
  4220 | D:4      | Noticed Eustachio
  4231 | D:4      | Killed Eustachio
  4232 | D:4      | Reached skill level 5 in Spellcasting
  4232 | D:4      | Reached skill level 1 in Invocations
  4232 | D:4      | Reached XP level 7. HP: 17/49 MP: 0/0
  4232 | D:4      | Learned a level 3 spell: Teleport Other
  4463 | D:4      | Found a broken altar of Ashenzari.
  4782 | D:5      | Entered Level 5 of the Dungeon
  4891 | D:5      | Noticed Edmund
  4899 | D:5      | Killed Edmund
  4900 | D:5      | Reached XP level 8. HP: 33/55 MP: 0/0
  5037 | D:5      | Found a transporter.
  5040 | D:5      | Reached * piety under Hepliaklqana
  5057 | D:5      | Reached skill level 6 in Spellcasting
  5258 | D:5      | Noticed Grinder
  5265 | D:5      | Killed Grinder
  5439 | D:5      | Found a transporter.
  5585 | D:5      | Found a staircase to the Ecumenical Temple.
  5887 | D:6      | Reached skill level 7 in Spellcasting
  5919 | D:6      | Reached XP level 9. HP: 49/54 MP: 0/0
  5919 | D:6      | Learned a level 3 spell: Tukima's Dance
  6041 | D:6      | Found Xuotu's Specific Store.
  6044 | D:6      | Found Seniyle's General Store.
  6048 | D:6      | Bought a scroll of identify for 26 gold pieces
  6048 | D:6      | Bought a potion of invisibility for 104 gold pieces
  7006 | D:7      | Noticed Pikel
  7013 | D:7      | Killed Pikel
  7014 | D:7      | Reached skill level 8 in Spellcasting
  7487 | D:7      | Reached ** piety under Hepliaklqana
  7493 | D:7      | Remembered your ancestor Publius as a hexer
  7615 | D:7      | Reached XP level 10. HP: 47/60 MP: 0/0
  7706 | D:7      | Reached skill level 9 in Spellcasting
  7724 | D:7      | Reached skill level 1 in Short Blades
  8140 | D:7      | Noticed a red ugly thing
  8145 | D:7      | Noticed a purple ugly thing
  8148 | D:7      | Killed a red ugly thing
  8149 | D:7      | Killed a purple ugly thing
  8428 | D:7      | Noticed a manticore
  8434 | D:7      | Killed a manticore
  8435 | D:7      | Reached skill level 10 in Spellcasting
  8528 | D:7      | Noticed Maggie
  8538 | D:7      | Killed Maggie
  8539 | D:7      | Reached skill level 5 in Invocations
  8987 | D:7      | Reached XP level 11. HP: 45/66 MP: 0/0
  8987 | D:7      | Learned a level 4 spell: Passage of Golubria
  9361 | D:8      | Noticed Maurice
  9366 | D:8      | Killed Maurice
  9367 | D:8      | Noticed Joseph
  9405 | D:8      | Found a staircase to the Lair.
  9405 | D:8      | Killed from afar by an electric eel

Illustrated notes

Levels and vault maps discovered:
D:1:      roderic_octagonal_star, layout_basic, serial_shops,
          nicolae_shop_statue_plus, minmay_pentomino_t2
D:2:      layout_basic, amcnicky_mini_rare_corridor_liquid
D:3:      layout_loops_ring, lemuel_doored_altar,
          eat_drink_and_be_merry_uskayaw, hellmonk_ecumenical_altar_crossroads,
          gammafunk_ghost_nasty_kobolds, due_unseen_surprise, uniq_terence
D:4:      layout_basic, nicolae_ashenzari_skybound, uniq_eustachio
D:5:      gammafunk_cloud_chamber, layout_rooms, minmay_temple_entry_statues,
          uniq_grinder, uniq_edmund
D:6:      layout_rooms, nicolae_vehumet_altar_sigil, nicolae_specific_store,
          corexii_hall_statues_i, minmay_fountain_box, chequers_jeans
D:7:      nzn_winding_woodlands_medium [nzn_winding_woodlands_hourglass,
          nzn_winding_woodlands_5x15_pockets,
          nzn_winding_woodlands_5x5_checkerboard,
          nzn_winding_woodlands_5x5_closed_star,
          nzn_winding_woodlands_center_pierced_h,
          nzn_winding_woodlands_5x5_perimeter, nzn_winding_woodlands_5x5_cross,
          nzn_winding_woodlands_5x15_river_crossing,
          nzn_winding_woodlands_5x5_three], layout_basic, uniq_pikel,
          uniq_maggie
D:8:      layout_basic, lemuel_round_altar, erik_lair_island, enter_bailey_3,
          uniq_maurice, uniq_joseph

Skill      XL: |  1  2  3  4  5  6  7  8  9 10 |
---------------+-------------------------------+-----
Spellcasting   | 3 4 5 7 8 10 | 10.5
Fighting       | 1 2 3 4 |  4.9
Stealth        | 2 3 |  3.8
Invocations    | 1 2 4 5 |  5.2
Dodging        | 3 |  3.3
Short Blades   | 1 |  1.4

Action                   |  1- 3 |  4- 6 |  7- 9 | 10-12 || total
-------------------------+-------+-------+-------+-------++-------
Melee: Short sword       |     1 |       |       |       ||     1
       Dagger            |       |       |    20 |     7 ||    27
 Cast: Foxfire           |    75 |   115 |   164 |    20 ||   374
       Sticky Flame      |       |     2 |     6 |     4 ||    12
       Fireball          |       |       |    10 |    45 ||    55
Invok: Ancestor Identity |       |       |     1 |       ||     1
       Ancestor Life: He |       |       |     1 |       ||     1
  Use: Scroll            |       |       |     5 |     4 ||     9
       Potion            |       |       |       |     5 ||     5
 Stab: Sleeping          |       |       |     1 |       ||     1
Armor: Robe              |     4 |    11 |     9 |       ||    24
       Steam dragon scal |       |       |       |     9 ||     9
Dodge: Dodged            |    11 |    17 |     8 |    22 ||    58

Table legend: (Time is in decaauts)
 A = Elapsed time spent in this place.
 B = Non-inter-level travel time spent in this place.
 C = Inter-level travel time spent in this place.
 D = Time resting spent in this place.
 E = Time spent auto-exploring this place.
 F = Levels seen in this place.
 G = Mean time per level.
                   A        B        C        D        E       F      G
               +--------+--------+--------+--------+--------+-----+--------+
         Total |   9403 |   9180 |    223 |    592 |   7607 |   8 | 1175.4 |
       Dungeon |   9403 |   9180 |    223 |    592 |   7607 |   8 | 1175.4 |
               +--------+--------+--------+--------+--------+-----+--------+

Top non-repeatable levels by time:
     D:7: 2353 daAuts
     D:3: 1509 daAuts
     D:1: 1436 daAuts
     D:6: 1333 daAuts
     D:4: 1195 daAuts
     D:5: 882 daAuts
     D:2: 639 daAuts
     D:8: 51 daAuts
